 Dungeon Crawl Stone Soup version 0.29.1-2-gbd0b4ee654 (webtiles) character file.

Game seed: 10436839763978841772

100 tizbic2 the Shooter (level 4, 0/30 HPs)
             Began as an Octopode Hunter on Oct 29, 2022.
             Was a Believer of Nemelex Xobeh.
             Slain by a gnoll
             ... wielding a +2 vorpal flail
              (2 damage)
             ... on level 3 of the Dungeon.
             The game lasted 00:11:08 (1979 turns).

tizbic2 the Shooter (Octopode Hunter)               Turns: 1979, Time: 00:11:10

Health: 0/30       AC:  1    Str: 10    XL:     4   Next: 74%
Magic:  5/5        EV: 14    Int: 11    God:    Nemelex Xobeh [**....]
Gold:   131        SH:  0    Dex: 17    Spells: 2/4 levels left

rFire   . . .      SeeInvis .   e - +0 rapier
rCold   . . .      Faith    .   (no shield)
rNeg    + . .      Spirit   .   (helmet restricted)
rPois   +          Reflect  .   (no amulet)
rElec   .          Harm     .   h - ring of positive energy
rCorr   .          Rampage  .   p - ring of poison resistance
Will    .....                   (no ring)
Stlth   +++.......              (no ring)
HPRegen 0.10/turn               (no ring)
MPRegen 0.09/turn               (no ring)
                                (no ring)
                                (no ring)

@: no status effects
A: almost no armour, amphibious, 8 rings, camouflage 1, gelatinous body 1,
(nimble swimmer 1), tentacles
a: Renounce Religion, Draw Escape, Draw Destruction, Draw Summoning


You were on level 3 of the Dungeon.
You worshipped Nemelex Xobeh.
Nemelex Xobeh was pleased with you.
You visited 1 branch of the dungeon, and saw 3 of its levels.

You collected 131 gold pieces.

Inventory:

Hand Weapons
 a - a +0 shortbow
 e - a +0 rapier (weapon)
Missiles
 s - 16 poisoned darts
Jewellery
 h - a ring of positive energy (left tentacle)
 p - a ring of poison resistance (right tentacle)
Scrolls
 b - 2 scrolls of immolation
 d - a scroll of teleportation
 g - 2 scrolls of enchant armour {unknown}
 k - a scroll of fear {unknown}
 l - a scroll of torment {unknown}
 m - a scroll of identify {unknown}
 n - a scroll of magic mapping {unknown}
 o - a scroll of vulnerability {unknown}
 t - a scroll of silence {unknown}
Potions
 c - a potion of degeneration {unknown}
 f - 2 potions of mutation {unknown}
 i - a potion of might {unknown}
 j - a potion of heal wounds {unknown}
 q - a potion of curing {unknown}
 r - a potion of attraction {unknown}
 u - 2 potions of resistance {unknown}


   Skills:
 + Level 2.4 Fighting
 * Level 4.6 Ranged Weapons
 + Level 2.4 Dodging
 * Level 3.3 Stealth
 + Level 0.7 Spellcasting
 * Level 1.1 Translocations


You had 2 spell levels left.
You knew the following spells:

 Your Spells              Type           Power      Damage    Failure   Level
a - Blink                 Tloc           4%         N/A       32%         2

Your spell library contained the following spells:

 Spells                   Type           Power      Damage    Failure   Level
 Lesser Beckoning         Tloc           2%         N/A       54%         3
 Manifold Assault         Tloc           2%         N/A       99%         5


Dungeon Overview and Level Annotations

Branches:
Dungeon (3/15)

Altars:
Nemelex Xobeh

Shops:
D:3 (


Innate Abilities, Weirdness & Mutations

You cannot wear most types of armour.
You are amphibious.
You can wear up to eight rings at the same time.
Your skin changes colour to match your surroundings (Stealth+).
Your rubbery body absorbs attacks. (AC +1, EV +1)
((You are camouflaged when in or above water. (Stealth+)))
You have tentacles for arms and can constrict up to eight enemies at once.


Message History

Press: ? - help, Q - select action, (/) - cycle Shift-Dir - straight line, f/p - gnoll
Aim: a gnoll, wielding a +0 spear (heavily wounded, 66% to hit)
You shoot an arrow. The arrow hits the gnoll.
The gnoll is almost dead.
Fire: a) +0 shortbow
Press: ? - help, Q - select action, (/) - cycle Shift-Dir - straight line, f/p - gnoll
Aim: a gnoll, wielding a +0 spear (almost dead, 66% to hit)
You shoot an arrow. The arrow closely misses the gnoll.
The arrow hits the gnoll but does no damage.
The gnoll misses you.
Fire: a) +0 shortbow
Press: ? - help, Q - select action, (/) - cycle Shift-Dir - straight line, f/p - gnoll
Aim: a gnoll, wielding a +0 spear (almost dead, 66% to hit)
You shoot an arrow. The arrow hits the gnoll.
You kill the gnoll!
Fire: a) +0 shortbow
Press: ? - help, Q - select action, (/) - cycle Shift-Dir - straight line, f - gnoll
Aim: a gnoll, wielding a +2 vorpal flail (66% to hit)
You shoot an arrow.
The arrow hits the gnoll but does no damage.
Fire: a) +0 shortbow
Press: ? - help, Q - select action, (/) - cycle Shift-Dir - straight line, f/p - gnoll
Aim: a gnoll, wielding a +2 vorpal flail (66% to hit)
You shoot an arrow. The arrow hits the gnoll.
The gnoll is lightly wounded.
e - a +0 rapier (weapon)
You barely miss the gnoll. Your grab misses the gnoll. You squeeze the gnoll!
The gnoll is severely wounded.
The gnoll hits you with a +2 vorpal flail.
The gnoll hits you with a +2 vorpal flail!
Ouch! That really hurt!
* * * LOW HITPOINT WARNING * * *
You barely miss the gnoll. You grab the gnoll.
You squeeze the gnoll, but do no damage.
The gnoll is severely wounded.
You constrict the gnoll, but do no damage.
The gnoll hits you with a +2 vorpal flail.
* * * LOW HITPOINT WARNING * * *
You die...
Your body disappears without a glow.

#..# #..##
#...# #.#.#
#.#.# ####...#
###....###
#...##.########
#[.....@gg.....
#...##.########
##..##....#
#..#####.# #..#
#.# .# ##.#
#.#### .# #)#
#....# .# #.#
####.# ####.#
#.#
#.######.#..#


You could see 2 gnolls.

Vanquished Creatures
  A jelly (D:2)
  A gnoll (D:3)
  2 worms (D:2)
  An orc (D:3)
  3 ball pythons
  5 endoplasms
  2 giant cockroaches (D:1)
  6 goblins
  6 hobgoblins
  6 jackals
  2 kobolds
  5 quokkas
  2 bats (D:1)
  3 frilled lizards
45 creatures vanquished.

Vanquished Creatures (others)
  2 plants (D:1)
2 creatures vanquished.

Grand Total: 47 creatures vanquished

Notes
Turn   | Place    | Note
-------+----------+-------------------------------------------
     0 | D:1      | tizbic2 the Octopode Hunter began the quest for the Orb.
     0 | D:1      | Reached XP level 1. HP: 14/14 MP: 1/1
   164 | D:1      | Reached XP level 2. HP: 15/19 MP: 2/2
   642 | D:1      | Reached XP level 3. HP: 24/24 MP: 3/3
   674 | D:1      | Found a faded altar of an unknown god.
   693 | D:1      | Prayed at the altar of an unknown god.
   693 | D:1      | Became a worshipper of Nemelex Xobeh the Trickster
   693 | D:1      | Reached * piety under Nemelex Xobeh
   837 | D:2      | Learned a level 2 spell: Blink
  1067 | D:2      | Reached XP level 4. HP: 30/30 MP: 4/4
  1389 | D:3      | Received a gift from Nemelex Xobeh
  1468 | D:3      | Found Puill's Antique Weapon Emporium.
  1699 | D:3      | Reached skill level 1 in Translocations
  1744 | D:3      | Reached ** piety under Nemelex Xobeh
  1979 | D:3      | Slain by a gnoll

Illustrated notes

Levels and vault maps discovered:
D:1:      roderic_crop_circles_arrival_large, layout_loops_cross,
          basic_ecumenical_altar, minmay_misc_feat_secret_circle
D:2:      layout_basic
D:3:      layout_loops_ring, serial_shops, nicolae_shop_waterfront

Skill      XL: |  1  2  3  4 |
---------------+-------------+-----
Stealth        | 2 3 |  3.3
Translocations | 1 |  1.1
Fighting       | |  2.4
Ranged Weapons | |  4.6
Dodging        | |  2.4
Spellcasting   | |  0.7

Action                   |  1- 3 |  4- 6 || total
-------------------------+-------+-------++-------
Melee: Unarmed           |     4 |       ||     4
       Tentacles         |     6 |     2 ||     8
       Dagger            |    18 |       ||    18
       Constrict         |     5 |     2 ||     7
       Short sword       |     2 |     3 ||     5
       Rapier            |       |     4 ||     4
 Fire: Shortbow          |    57 |    23 ||    80
 Cast: Blink             |     1 |       ||     1
  Use: Scroll            |     1 |       ||     1
 Stab: Sleeping          |       |     2 ||     2
Dodge: Dodged            |    23 |     1 ||    24
